[Event "*** Titled Tuesday Blitz"]
[Site "Chess.com"]
[Date "2021.04.20"]
[Round "3"]
[White "Misticpikachu"]
[Black "CURRUTACO59"]
[Result "1-0"]
[WhiteElo "2402"]
[BlackElo "2191"]
[TimeControl "180+1"]
[EndTime "10:28:22 PDT"]
[Termination "Misticpikachu won on time"]

1. c4 e5 2. Nc3 Nc6 3. Nf3 Nf6 4. e4 Bb4 5. d3 Bxc3+ 6. bxc3 d6 7. Be3 O-O 8. h3 b6 9. Be2 Na5 10. O-O c5 11.
Qc2 Qe7 12. Rfe1 Bd7 13. Nd2 Nc6 14. Rad1 h6 15. f3 Nh5 16. Nb3 Qf6 17. d4 Rad8 18.
g4 Nf4 19. Bxf4 Qxf4 20. Kg2 h5 21. Qd2 Qf6 22. Rf1 hxg4 23. fxg4 Qh4 24. Qe3 Ne7 25.
Nc1 Ng6 26. Nd3 f6 27. Qg3 Qg5 28. Rf2 Ba4 29. Rdf1 Bc2 30. Rf5 Nh4+ 31. Kh2 Nxf5 32. Rxf5 Qd2 33. Rf2 Bxd3 34. Qxd3 Qxd3 35. Bxd3 cxd4 36.
cxd4 Rc8 37. dxe5 dxe5 38. Bc2 Rfd8 39. Kg3 Rd4 40. Kh4 Kf8 41. g5 Ke7 42. gxf6+ gxf6 43. Rg2 Kf8 44. Kg4 Rcxc4 45. Bb3 Rc3 46. Kf5 Rf3+ 47. Ke6 Rd8 48. h4 Rf4 49. h5 Rh4 50. Kxf6 Rd6+ 51. Kxe5 Rh6 52. Rg8+ Ke7 53. Rg7+ Kd8 54. Bf7 R6xh5+ 55. Bxh5 Rxh5+ 56. Kd6 Rh6+ 57. Kd5 1-0

[Event "*** Titled Tuesday Blitz"]
[Site "Chess.com"]
[Date "2021.04.20"]
[Round "3"]
[White "davidkalashian"]
[Black "Jungle_Jaguar"]
[Result "0-1"]
[WhiteElo "2513"]
[BlackElo "2726"]
[TimeControl "180+1"]
[EndTime "10:28:23 PDT"]
[Termination "Jungle_Jaguar won on time"]

1. e4 c5 2. Nc3 Nc6 3. Nf3 Nf6 4. Bb5 Nd4 5. e5 Nxb5 6. Nxb5 Nd5 7. Ng5 h6 8. Nxf7 Kxf7 9. Qf3+ Nf6 10. exf6 exf6 11. O-O d5 12. d4 a6 13. Nc3 cxd4 14. Nxd5 Bd7 15. Nf4 Bc6 16. Qb3+ Ke8 17. Ng6 Bd5 18. Re1+ Kf7 19. Nxh8+ Kg8 20. Qd3 Kxh8 21. Qxd4 Qa5 22. Bd2 Qb5 23. a4 Qc6 24. Qg4 Qxc2 25. Bc3 Bc5 26. Re2 Qb3 27. Rae1 Bc6 28. Qf5 Qc4 29. h3 Rf8 30. a5 Qb5 31. Qf4 Qd3 32. Rd2 Qg6 33. Qg4 Qf7 34. Red1 Re8 35. Rd8 Qe7 36. Rxe8+ Qxe8 37. Qf5 Qe7 38. Qc8+ Kh7 39. Qf5+ Kg8 40. Re1 Qf8 41. Qe6+ Kh7 42. Rd1 Kh8 43. Qf5 Kg8 44.
b4 Bxb4 45. Qe6+ Kh7 46. Qf5+ Kg8 47. Bxb4 Qxb4 48. Rd8+ Kf7 49. Rc8 Qe1+ 50. Kh2 Qd2 51. Rc7+ Kg8 52. Qf4 Qxf4+ 0-1

[Event "*** Titled Tuesday Blitz"]
[Site "Chess.com"]
[Date "2021.04.20"]
[Round "3"]
[White "MikeSailer"]
[Black "energie73"]
[Result "0-1"]
[WhiteElo "2165"]
[BlackElo "2354"]
[TimeControl "180+1"]
[EndTime "10:28:23 PDT"]
[Termination "energie73 won by resignation"]

1. d4 g6 2. Nf3 Bg7 3. Bf4 b6 4. e3 Bb7 5. Be2 d6 6. O-O Nd7 7.
c4 e6 8. h3 Ngf6 9. Nc3 O-O 10.
a4 a5 11. Nb5 Re8 12. Nd2 Ne4 13. Nxe4 Bxe4 14. Bf3 Bxf3 15. Qxf3 e5 16. dxe5 dxe5 17. Bh2 Qb8 18. Qc6 Nc5 19. Qxc7 Ne6 20. Qxb8 Raxb8 21. Rfd1 Rec8 22. b3 Nc5 23. Rab1 Rd8 24. Rd5 f6 25. Kf1 Kf7 26. Ke2 Bf8 27. f3 Rxd5 28. cxd5 Rd8 29.
e4 Na6 30. Bg1 Bc5 31. Bxc5 Nxc5 32. Kd2 f5 33. Ke3 Kf6 34. Nc3 Kg5 35. b4 Na6 36. bxa5 bxa5 37. Rb5 Rc8 38. Ne2 Rc2 39. Rxa5 f4+ 40. Kf2 Nb4 41. d6 Nd3+ 42. Kg1 Kf6 43. Rd5 Nc5 44. Kf1 Ke6 45. Ke1 Nd7 46. Kd1 Ra2 47. a5 Ra1+ 48. Kd2 Ra2+ 49. Kd1 Nf6 50. Rd3 Rxa5 51. Nc3 Ra1+ 52. Kc2 Rg1 53. Nb5 Rxg2+ 54. Kc3 Nd7 55. Nc7+ Kf7 56. Nd5 Rg3 57. Kc4 Ke6 58.
Nc7+ Kf7 59. Kb5 Rxh3 60. Kc6 Nf6 61. d7 Nxd7 62. Kxd7 Kf6 63. Kd6 g5 64. Ne8+ Kf7 65. Nc7 g4 66. fxg4 Rxd3+ 67. Kxe5 f3 68. Ne6 f2 69.
Ng5+ Kg6 0-1

[Event "*** Titled Tuesday Blitz"]
[Site "Chess.com"]
[Date "2021.04.20"]
[Round "3"]
[White "Twitch_ElhamBlitz05"]
[Black "rynos0411"]
[Result "1-0"]
[WhiteElo "2740"]
[BlackElo "2439"]
[TimeControl "180+1"]
[EndTime "10:28:24 PDT"]
[Termination "Twitch_ElhamBlitz05 won by resignation"]

1. e4 e5 2. Nc3 Nc6 3. Bc4 Bc5 4.
Qg4 g6 5. Qf3 Nf6 6. Nge2 Be7 7.
d3 d6 8. h3 Be6 9. Bh6 Bxc4 10.
dxc4 Nd4 11. Nxd4 exd4 12. Nd5 Nxd5 13. exd5 Qd7 14. O-O-O O-O-O 15. Kb1 f5 16. Bg7 Rhe8 17. Bxd4 Kb8 18. Rhe1 Bg5 19. c3 a6 20. g3 h5 21.
h4 Bh6 22. c5 Rxe1 23. Rxe1 dxc5 24. Bxc5 b6 25. Bd4 Qxd5 26. Qxd5 Rxd5 27. Re6 Rd6 28. Rxd6 cxd6 29. Bxb6 f4 30. Kc2 Kb7 31. Bd4 g5 32.
Bf6 fxg3 33. fxg3 gxh4 34. gxh4 Kc6 35. Kd3 Bf4 36. Ke4 Bc1 37. c4 Kc5 38. b3 a5 39.
Kf5 a4 40. Kg6 axb3 41. axb3 Kb4 42. Be7 Bf4 43. Kxh5 Kxb3 44. Kg4 Be5 45. h5 Kxc4 46. h6 d5 47. Kf5 Bh8 48. Bf6 d4 49. Bxh8 d3 50.
Bc3 Kxc3 51. h7 d2 52. h8=Q+ Kc2 53. Qc8+ Kd3 54. Qd7+ Ke3 55. Qe6+ Kd3 56. Qd5+ Kc2 57. Qc4+ Kb2 58. Qd3 Kc1 59. Qc3+ Kd1 60. Ke4 Ke2 61.
Qf3+ Ke1 62. Qh1+ Ke2 63. Qg2+ Ke1 64. Ke3 d1=Q 1-0

[Event "*** Titled Tuesday Blitz"]
[Site "Chess.com"]
[Date "2021.04.20"]
[Round "3"]
[White "starplatinum2030"]
[Black "Deepweb2020"]
[Result "1-0"]
[WhiteElo "2271"]
[BlackElo "2489"]
[TimeControl "180+1"]
[EndTime "10:28:25 PDT"]
[Termination "starplatinum2030 won on time"]

1. b3 e5 2. Bb2 Nc6 3. e3 e4 4. d3 exd3 5. Bxd3 Qg5 6. g3 d5 7. Nd2 Nf6 8. h4 Qg4 9. Qxg4 Bxg4 10. Ne2 Nb4 11. Nf4 c6 12. f3 Bd7 13. Bxf6 gxf6 14.
e4 Bd6 15. Ne2 Nxd3+ 16. cxd3 Ke7 17. Kf2 a5 18. f4 a4 19. Rhc1 axb3 20. axb3 Rhg8 21.
Nf3 dxe4 22. dxe4 Ba3 23. Rd1 Bc5+ 24. Kg2 Rgd8 25. Nfd4 Bg4 26. Nf5+ Bxf5 27. exf5 Rxa1 28. Rxa1 Rd2 29. Re1 Rb2 30. Kf3 Bb4 31. Rd1 Rxb3+ 32. Kg4 c5 33. Ra1 c4 34. Nd4 Rd3 35. Rb1 Rxd4 36. Rxb4 Rd7 37. Rxc4 b5 38. Re4+ Kd6 39. Kf3 Rb7 40. Ke3 b4 41. Kd2 Kd5 42. Re2 b3 43. Kc1 Kd4 44. Kb2 Kd3 45. Re8 Kd4 46. Rh8 Ke4 47. Rxh7 Kxf5 48. Rg7 Ke4 49. h5 Kf3 50. h6 Rb8 51. h7 Rh8 52. Kxb3 f5 53. Kc4 f6 54.
Kd5 1-0

[Event "*** Titled Tuesday Blitz"]
[Site "Chess.com"]
[Date "2021.04.20"]
[Round "3"]
[White "Sharpchess22"]
[Black "Chernobay_Artem"]
[Result "1/2-1/2"]
[WhiteElo "2802"]
[BlackElo "2627"]
[TimeControl "180+1"]
[EndTime "10:28:26 PDT"]
[Termination "Game drawn by repetition"]

1. c4 Nf6 2. Nc3 g6 3. e4 d6 4.
d4 Bg7 5. h3 e5 6. dxe5 dxe5 7.
Qxd8+ Kxd8 8. Bg5 Be6 9. O-O-O+ Nd7 10. Nf3 Kc8 11. Be3 h6 12. g4 c6 13. b3 Kc7 14.
Rg1 g5 15. Be2 Rae8 16. h4 Nxg4 17. Nxg5 Nxe3 18. Nxe6+ Rxe6 19. Rxd7+ Kxd7 20. Rxg7 Rg6 21. Rxg6 fxg6 22. fxe3 Rf8 23. Nd1 Kd6 24. b4 a5 25.
c5+ Kc7 26. a3 axb4 27. axb4 b6 28. Kd2 Ra8 29. Nb2 bxc5 30. bxc5 Ra5 31. Nd3 Ra2+ 32. Ke1 Rc2 33. h5 gxh5 34. Bxh5 Kd8 35. Bd1 Rc4 36.
Bf3 Ke7 37. Kd2 Kf6 38. Bg4 Rxe4 39. Bd7 Rc4 40. Bxc6 e4 41. Nf2 Ke5 42. Nxe4 h5 43.
Ke2 h4 44. Kf2 Rc2+ 45. Kg1 h3 46. Nf2 h2+ 47. Kf1 Rxc5 48. Nd3+ Kd6 49. Nxc5 Kxc6 50. Kg2 Kxc5 51. Kxh2 Kd5 52. Kg3 Ke4 53. Kf2 Ke5 54. Ke2 Ke4 55. Kd2 Ke5 56. Kd3 Kd5 57. e4+ Ke5 58. Ke3 Ke6 59. Kf4 Kf6 60. Kg3 Ke5 61. Kf3 Ke6 62. Kf4 Kf6 63. e5+ Ke6 64. Ke4 Ke7 65. Kd4 Ke6 66. Ke4 Ke7 67. Kd5 Kd7 68.
Kc5 Ke6 69. Kd4 Ke7 70. Ke4 Ke6 71. Kf4 Ke7 72. Kf5 Kf7 73. Kf4 Ke6 74. Ke4 1/2-1/2

[Event "*** Titled Tuesday Blitz"]
[Site "Chess.com"]
[Date "2021.04.20"]
[Round "3"]
[White "Mikhail_Golubev"]
[Black "frederiksvane"]
[Result "1/2-1/2"]
[WhiteElo "2586"]
[BlackElo "2739"]
[TimeControl "180+1"]
[EndTime "10:28:26 PDT"]
[Termination "Game drawn - insufficient material"]

1. e4 c5 2. Nf3 g6 3. Nc3 Nc6 4.
d4 cxd4 5. Nxd4 Bg7 6. Be3 Nf6 7. Nxc6 bxc6 8. e5 Ng8 9. Bd4 Rb8 10. e6 Nf6 11.
exf7+ Kxf7 12. Bc4+ d5 13. Bb3 e5 14. Bxe5 Re8 15.
f4 Ng4 16. O-O Qb6+ 17. Kh1 Ne3 18. Qf3 Nxf1 19. Bxb8 Nd2 20. Nxd5 cxd5 21. Qxd5+ Be6 22. Qd7+ Re7 23. Bxe6+ Qxe6 24. Qxd2 Bxb2 25. Rf1 Qc4 26. Qd3 Qxd3 27. cxd3 Rd7 28. g3 Rxd3 29. Bxa7 Ra3 30. Bg1 Bc3 31. Rf3 Bb4 32. Rxa3 Bxa3 33. Kg2 Ke6 34. Kf3 Kd5 35. Kg4 Ke6 36. h4 h5+ 37. Kf3 Kf5 38. Bb6 Ke6 39. Ke4 Kf6 40. Bd4+ Ke6 41. Be5 Bc1 42. a4 Bd2 43. Bd4 Ba5 44.
Bc5 Kf6 45. Bd4+ Ke6 46. Be5 Bb6 47. Bc3 Bf2 48. a5 Kd7 49. Bd4 Bxg3 50. a6 Kc6 51. Bf6 Bf2 52. f5 gxf5+ 53. Kxf5 Bxh4 54. Bxh4 Kb6 55. Kg5 Kxa6 56. Kxh5 1/2-1/2

[Event "*** Titled Tuesday Blitz"]
[Site "Chess.com"]
[Date "2021.04.20"]
[Round "3"]
[White "Grandelicious"]
[Black "beautroll"]
[Result "1-0"]
[WhiteElo "2817"]
[BlackElo "2456"]
[TimeControl "180+1"]
[EndTime "10:28:26 PDT"]
[Termination "Grandelicious won on time"]

1. d4 Nf6 2. Nf3 g6 3. Nbd2 Bg7 4. e4 d6 5. Bb5+ c6 6. Bd3 O-O 7. O-O Qc7 8. a4 b6 9. Re1 e5 10. dxe5 dxe5 11. Nc4 Re8 12. b3 Bb7 13. Bf1 c5 14.
Nfd2 Nc6 15. c3 a6 16. Qf3 Rad8 17. Ne3 Na5 18. Nec4 Nxc4 19. Nxc4 Nxe4 20. Qh3 f5 21. Bb2 b5 22. axb5 axb5 23. Na5 Ba6 24. b4 Rd2 25. Bc1 Rd6 26. Be3 c4 27. Ra3 Red8 28.
Qf3 Nf6 29. Bc5 Rd2 30. Qc6 Qc8 31. Be7 Re8 32. Bxf6 Qxc6 33. Nxc6 Bxf6 34. Rxa6 e4 35. Rc1 Rd3 36. Ra3 Rd2 37. Na7 Red8 38. Nxb5 Rd1 39. Raa1 Rxc1 40. Rxc1 Rd2 41. Bxc4+ Kg7 42. g3 Bg5 43.
Re1 Rb2 44. Re2 Rb1+ 45. Kg2 Bc1 46. f3 e3 47. Nd4 Bd2 48. f4 Kf6 49. b5 Rc1 50. b6 Rb1 51. Bb5 1-0

[Event "*** Titled Tuesday Blitz"]
[Site "Chess.com"]
[Date "2021.04.20"]
[Round "3"]
[White "KarateBaby"]
[Black "mbachez"]
[Result "0-1"]
[WhiteElo "2207"]
[BlackElo "2436"]
[TimeControl "180+1"]
[EndTime "10:28:26 PDT"]
[Termination "mbachez won by checkmate"]

1. Nf3 Nf6 2. c4 g6 3. Nc3 Bg7 4. e4 O-O 5. d4 c6 6. e5 Ne8 7. h3 d6 8. exd6 Nxd6 9. Be2 Be6 10. b3 Nf5 11. Be3 c5 12. g4 Nxd4 13. Bxd4 cxd4 14. Ne4 d3 15. Bf1 f5 16. Ned2 fxg4 17. hxg4 Bxg4 18. Bh3 Bxf3 19. Be6+ Kh8 20. Nxf3 Qd6 21.
Bd5 Nc6 22. Rc1 Qf4 23. Qd2 Qg4 24. Qg5 d2+ 25. Kxd2 Qxg5+ 26. Nxg5 h6 27. Nf7+ Kh7 28. f4 e6 29. Bxe6 Nd4 30. Bd5 Rae8 31. Ng5+ Kh8 32.
Nf7+ Kh7 33. Ng5+ Kh8 34. Nf7+ Rxf7 35. Bxf7 Re2+ 36. Kd3 Rxa2 37. Bxg6 Nxb3 38. Rb1 Nc5+ 39. Ke3 Ra3+ 40. Kf2 Bd4+ 41. Kg2 Kg7 42. f5 Ne4 43. Rxb7+ Kf6 44. Rxh6 Rg3+ 45. Kf1 Rg1+ 46. Ke2 Kg5 47. Rh8 Bxh8 48. Rxa7 Nc3+ 49. Kd3 Rg3+ 50. Kc2 Ne4 51. Rh7 Rg2+ 52. Kd3 Nc5+ 53. Ke3 Rg3+ 54. Kf2 Ne4+ 55. Kf1 Bd4 56. Rh5+ Kf4 57. Rh4+ Ke3 58.
Rh2 Nd2+ 59. Rxd2 Kxd2 60. f6 Rg1# 0-1

[Event "*** Titled Tuesday Blitz"]
[Site "Chess.com"]
[Date "2021.04.20"]
[Round "3"]
[White "MIJuanReyesRosa"]
[Black "bsnsun"]
[Result "1-0"]
[WhiteElo "2048"]
[BlackElo "2456"]
[TimeControl "180+1"]
[EndTime "10:28:28 PDT"]
[Termination "MIJuanReyesRosa won on time"]

1. e4 c5 2. c3 d5 3. exd5 Qxd5 4.
d4 Nf6 5. Nf3 Nc6 6. Be2 e6 7. O-O Be7 8. Be3 cxd4 9. cxd4 O-O 10. Nc3 Qd8 11. Bd3 b6 12. Rc1 Bb7 13. Bb1 Rc8 14.
Qe2 Nb4 15. Ne5 Nbd5 16. Bg5 Nxc3 17. bxc3 Qd5 18. f3 Qd8 19. Rfe1 Nd5 20. Qd3 g6 21. Bh6 Re8 22. Qe2 Bg5 23. Bxg5 Qxg5 24. Be4 Nf4 25.
Qf1 Bxe4 26. fxe4 Rc7 27. g3 Nh5 28. Nf3 Qg4 29. Ne5 Qg5 30. Nf3 Qa5 31. c4 Qxa2 32.
e5 Rec8 33. Ng5 Ng7 34. Ne4 Rxc4 35. Nf6+ Kh8 36. Nd7 Rxc1 37. Rxc1 Rxc1 38. Qxc1 Ne8 39. Qc8 Qa1+ 40. Kg2 Qb2+ 41. Kh3 Kg7 42. Qxe8 Kh6 43. Qf8+ Kg5 44. Nf6 Qe2 45. Nxh7+ Kh5 46. Qxf7 Qg4+ 47. Kg2 Qe2+ 48. Qf2 1-0

[Event "*** Titled Tuesday Blitz"]
[Site "Chess.com"]
[Date "2021.04.20"]
[Round "3"]
[White "FairChess_on_YouTube"]
[Black "oskariot"]
[Result "1/2-1/2"]
[WhiteElo "3012"]
[BlackElo "2684"]
[TimeControl "180+1"]
[EndTime "10:28:31 PDT"]
[Termination "Game drawn by repetition"]

1. Nf3 Nf6 2. c4 c5 3. Nc3 b6 4. g3 Bb7 5. Bg2 g6 6. O-O Bg7 7. Re1 O-O 8. e4 d6 9. d4 cxd4 10. Nxd4 Nbd7 11. e5 dxe5 12. Ne6 fxe6 13. Bxb7 Rb8 14.
Bg2 Nc5 15. Be3 Qe8 16. Qc2 e4 17. Red1 Ng4 18. Nxe4 Nxe3 19. fxe3 Nxe4 20. Qxe4 Bxb2 21. Qxe6+ Kh8 22. Rab1 Ba3 23. Rd5 Qf7 24. Qe5+ Qf6 25. Qxf6+ Rxf6 26. Rf1 Bc5 27. Rxf6 exf6 28. Rd7 Bxe3+ 29.
Kf1 a5 30. a4 Bc5 31. Ra7 f5 32. Bd5 Re8 33. Ra8 Rxa8 34. Bxa8 Kg7 35. Kg2 Kf6 36. h3 Ke5 37. Bc6 Kd4 38. Bb5 Bd6 39. Kf3 h5 40. Be8 g5 41. Bxh5 Kxc4 42. Be8 Kd4 43. Bd7 Ke5 44. Bb5 Bb4 45. Bd3 Ba3 46. Bb5 Bc1 47.
Bd7 Bd2 48. Bb5 Kd4 49. Bd7 f4 50. h4 fxg3 51. hxg5 Bxg5 52. Kxg3 Kc5 53. Bb5 Bd8 54. Kg4 Kb4 55. Kh3 Bc7 56. Kg4 Bd6 57. Kh3 Bc5 58. Kg4 Kc3 59. Kh3 Kd4 60. Kg4 Ke5 61. Kh3 Kd6 62.
Kg2 Kc7 63. Kh1 Kb7 64. Kg2 Ka8 65. Kh1 Bd6 66. Kg2 Bb8 67. Kh1 Ba7 68. Kg2 Kb7 69.
Kh1 Bb8 70. Kg2 Ka8 71. Kf3 Ka7 72. Ke4 Bd6 73. Kd5 Bb4 74. Kc6 Bc5 75. Kc7 Bb4 76.
Kc8 Bc5 77. Bc6 Bb4 78. Bb5 Bc5 79. Bc6 Bb4 80. Bb5 1/2-1/2

[Event "*** Titled Tuesday Blitz"]
[Site "Chess.com"]
[Date "2021.04.20"]
[Round "3"]
[White "TheBigBoss04"]
[Black "Enriquack"]
[Result "0-1"]
[WhiteElo "2790"]
[BlackElo "2464"]
[TimeControl "180+1"]
[EndTime "10:28:33 PDT"]
[Termination "Enriquack won on time"]

1. Nf3 g6 2. e4 Bg7 3. d4 c5 4.
dxc5 Qa5+ 5. c3 Qxc5 6. Be3 Qc7 7. Na3 Nc6 8. Nb5 Qb8 9. Qd2 d6 10. Bf4 Nf6 11. h3 a6 12. Nbd4 e5 13. Nxc6 bxc6 14. Bh2 Nxe4 15. Qc2 Nf6 16. Bd3 O-O 17. O-O Re8 18.
Rfe1 Qb6 19. c4 e4 20. Bxe4 Rxe4 21. Rxe4 Bf5 22. Nd2 d5 23. cxd5 cxd5 24. Bc7 Qb7 25. Be5 Nxe4 26. Bxg7 Kxg7 27. Nxe4 Bxe4 28. Qc3+ Kg8 29.
f3 Bf5 30. Rc1 Rc8 31. Qd2 Rxc1+ 32. Qxc1 Qb6+ 33. Kh1 d4 34. g4 Be6 35. Kg2 Qd6 36. b3 Kg7 37. h4 Qe5 38. Qd2 Bd5 39. h5 gxh5 40. gxh5 Kf6 41. Qh6+ Ke7 42. Qxa6 Qe3 43. Qa7+ Ke6 44. Qb6+ Kf5 45. Kf1 Bxf3 46. Qc5+ Kg4 47.
Qc8+ Kxh5 48. Qh3+ Kg5 49. Qg3+ Kf5 50. Qh3+ Ke4 51. Qxh7+ Kf4 52. Qh6+ Ke4 53. Qh7+ Kd5 54. Qxf7+ Kc5 55. Qc7+ Kb4 56. Qd6+ Kc3 57. Qc5+ Kd2 58.
Qb4+ Kd1 59. Qc4 Be2+ 0-1

[Event "*** Titled Tuesday Blitz"]
[Site "Chess.com"]
[Date "2021.04.20"]
[Round "3"]
[White "ljuks68"]
[Black "SmoothAsAHedgehog"]
[Result "1-0"]
[WhiteElo "2436"]
[BlackElo "2665"]
[TimeControl "180+1"]
[EndTime "10:28:33 PDT"]
[Termination "ljuks68 won on time"]

1. e4 c6 2. d4 d5 3. e5 a6 4. Nf3 Bg4 5. Nbd2 e6 6. Nb3 Nd7 7. Be2 Bxf3 8. Bxf3 c5 9. c3 Rc8 10. Bf4 cxd4 11. Nxd4 Ne7 12. Bg3 Nc6 13. Nxc6 bxc6 14. O-O a5 15. Be2 Bc5 16. Kh1 Qb6 17. b3 g6 18. Bd3 h5 19. h4 Be7 20. Qd2 Qd8 21. Qf4 g5 22. hxg5 Bxg5 23. Qf3 h4 24. Bf4 Bxf4 25.
Qxf4 Rh5 26. Rae1 Qg5 27. Qxg5 Rxg5 28. f4 Rg3 29. Rf3 Rxf3 30. gxf3 Ke7 31. f5 Rg8 32. f6+ Kd8 33. f4 Rg3 34. Be2 Re3 35. Kg2 c5 36. Kf2 Re4 37. Kf3 Nxe5+ 38. fxe5 Rxe5 39. Kg4 Re4+ 40. Kf3 Re5 41. Kg4 Re4+ 42. Kf3 e5 43. Rg1 Rf4+ 44. Ke3 Rxf6 45. Rg5 Re6 46. Rh5 Kc7 47. Rxh4 Kd6 48. Rh7 f5 49. Rf7 f4+ 50. Kf2 Rh6 51.
Bg4 Kc6 52. c4 dxc4 53. bxc4 Kd6 54. Bf3 Rh2+ 55. Kf1 Rxa2 56. Bd5 Rb2 57. Rf6+ Kd7 58. Ra6 1-0

[Event "*** Titled Tuesday Blitz"]
[Site "Chess.com"]
[Date "2021.04.20"]
[Round "3"]
[White "jannat65"]
[Black "Sadykov_Ramil"]
[Result "0-1"]
[WhiteElo "2023"]
[BlackElo "2470"]
[TimeControl "180+1"]
[EndTime "10:28:33 PDT"]
[Termination "Sadykov_Ramil won by checkmate"]

1. e4 c5 2. Nf3 e6 3. d4 cxd4 4. Nxd4 Nf6 5. Nc3 d6 6. Be3 Be7 7. Bc4 O-O 8. O-O Qc7 9. Bd3 a6 10. f4 b5 11. a3 Bb7 12. Qf3 Nc6 13. g4 Nxd4 14. Bxd4 e5 15. Be3 Rad8 16. f5 d5 17. exd5 Nxd5 18. Nxd5 Bxd5 19. Be4 Bc5 20. Rac1 Bxe3+ 21. Qxe3 Bxe4 22. Qxe4 Qc5+ 23. Kh1 Rd4 24. Qg2 Rfd8 25. c3 Rd2 26. Qb7 Qe3 27. Qf3 Qxf3+ 28. Rxf3 Rxb2 29. Re1 f6 30. h4 Rdd2 31. Rh3 Rg2 32. g5 Kf7 33. gxf6 Kxf6 34. Rf1 e4 35. Re1 Kxf5 36. Rhe3 Rh2+ 37. Kg1 Rxh4 38. Rf1+ Rf4 39. Rfe1 h5 40. Rh3 h4 41. Rf1 g5 42. Rxf4+ Kxf4 43. Kf1 e3 44. Ke1 Ke4 45. Kf1 Ra2 46. Ke1 Kd3 47.
Kf1 Rxa3 48. Kg2 Kd2 49. Rf3 Rxc3 50. Rf8 e2 51. Rd8+ Rd3 52. Re8 e1=Q 53. Rxe1 Kxe1 54.
Kh2 Kf2 55. Kh1 Rh3# 0-1

[Event "*** Titled Tuesday Blitz"]
[Site "Chess.com"]
[Date "2021.04.20"]
[Round "3"]
[White "DrCeltic"]
[Black "secretsuperstar7"]
[Result "0-1"]
[WhiteElo "2488"]
[BlackElo "2250"]
[TimeControl "180+1"]
[EndTime "10:28:35 PDT"]
[Termination "secretsuperstar7 won on time"]

1. e4 c5 2. Nf3 d6 3. d4 cxd4 4. Nxd4 Nf6 5. Nc3 Nc6 6. Bc4 e6 7. Be3 a6 8. Qe2 Be7 9. O-O-O Bd7 10. Bb3 b5 11. f3 Qc7 12. g4 Rb8 13. g5 Nh5 14. f4 Nxd4 15. Rxd4 g6 16. Qf2 a5 17. a4 bxa4 18. Bxa4 Bxa4 19. Nxa4 Ng7 20. Rhd1 O-O 21. Qe2 Rfc8 22. Qd3 Qb7 23. b3 Ne8 24. Rc4 Nc7 25.
Nb6 Rd8 26. Qc3 Nb5 27. Qxa5 d5 28. Ra4 Nd6 29. Qa7 Qxa7 30. Rxa7 Bf8 31. e5 Nf5 32. Bg1 d4 33. Nd7 Rbc8 34. Nxf8 Kxf8 35. Kb2 Ne3 36. Rd2 Rb8 37. Ra4 Nf5 38. Rc4 Rb5 39. Bxd4 Rbd5 40. c3 Ne3 41. Rb4 Nf1 42. Rd1 Ne3 43. Rd3 Nf5 44. Rh3 Kg8 45. Rd3 Kg7 46. h3 h6 47.
Rc4 hxg5 48. fxg5 Rh8 49. b4 Rh4 50. Rc5 Rd7 51. b5 Rh8 52. b6 Rb8 53. Rc6 Rbb7 54. Kb3 Ne7 55. Rc4 Nd5 56. Rc6 Ne7 0-1

[Event "*** Titled Tuesday Blitz"]
[Site "Chess.com"]
[Date "2021.04.20"]
[Round "3"]
[White "Nayemhaque22"]
[Black "SanchezKelvin"]
[Result "1/2-1/2"]
[WhiteElo "2460"]
[BlackElo "108"]
[TimeControl "180+1"]
[EndTime "10:28:35 PDT"]
[Termination "Game drawn by agreement"]

1. d4 Nf6 2. Bg5 Ne4 3. Bf4 c5 4. Nd2 Nxd2 5. Qxd2 cxd4 6. Qxd4 Nc6 7. Qd2 d6 8. e4 g6 9. Qc3 Qa5 10. Bd2 Qxc3 11. Bxc3 f6 12. O-O-O Bh6+ 13. Kb1 Be6 14. g3 O-O 15. f4 Rad8 16. h3 d5 17. exd5 Rxd5 18.
Be2 Rxd1+ 19. Bxd1 Rd8 20. Bf3 Nd4 21. Bxd4 Rxd4 22. Ne2 Rd7 23. Be4 f5 24. Bd3 Bg7 25.
Rd1 Kf8 26. c3 Bd5 27. Kc2 Bf3 28. Re1 Bf6 29. a4 a6 30. a5 Bc6 31. b4 e5 32. fxe5 Bxe5 33. Nf4 Re7 34. c4 Ba4+ 35. Kb1 Bd6 36. Rxe7 Kxe7 37. Kb2 Be5+ 38. Ka3 Bd7 39. b5 g5 40. Ne2 Kd6 41. Kb4 h6 42. c5+ Kc7 43.
bxa6 bxa6 44. Bxa6 f4 45. gxf4 gxf4 46. Ng1 Bc6 47. Be2 Bd4 48. Nf3 Be3 49. Ne5 Be4 50.
Bd3 Bd5 51. Be2 Bd4 52. Nd3 f3 53. Bf1 f2 54. Nf4 Bf7 55. Nd3 Be3 56. Bg2 Bd5 57. Bf1 Be4 58. Kc3 Bxd3 59. Kxd3 Bxc5 60. Ke4 Ba7 61.
Kf5 Be3 62. Kg6 Kb7 63. Kf5 Ka7 64. Ke4 Bd2 65. Kd3 Bxa5 66. Ke4 Bb6 67. Kf3 Kb7 68.
Kg4 Kc7 69. Kf5 Be3 70. Ke4 Bd2 71. Kf3 Be1 72. Ke3 Kd6 73. Kf4 Ke7 74. Kf5 Kf7 75. h4 Kg7 76. h5 Bd2 1/2-1/2

[Event "*** Titled Tuesday Blitz"]
[Site "Chess.com"]
[Date "2021.04.20"]
[Round "3"]
[White "chess94cu"]
[Black "davigator"]
[Result "0-1"]
[WhiteElo "2591"]
[BlackElo "2421"]
[TimeControl "180+1"]
[EndTime "10:28:36 PDT"]
[Termination "davigator won on time"]

1. d4 Nf6 2. Nf3 e6 3. g3 b5 4. Bg2 Bb7 5. O-O Be7 6. b3 d5 7. Nbd2 O-O 8. Bb2 c5 9. dxc5 Bxc5 10. a4 b4 11. c4 bxc3 12. Bxc3 a5 13. Rc1 Na6 14. e3 Ba3 15. Ra1 Bb4 16. Bd4 Nc5 17.
Ne5 Nfd7 18. Ndf3 Ne4 19. Rc1 Ndc5 20. Bxc5 Nxc5 21. Nd4 Rc8 22. Qg4 Qe7 23. Rfd1 f6 24. Nef3 f5 25. Qf4 Nd7 26. Nb5 e5 27. Qh4 Nf6 28. Bh3 g6 29. Bg2 Rfd8 30. Ne1 Ba6 31. Nd3 Bxb5 32. axb5 Bd6 33. Rc6 Rxc6 34. bxc6 Rc8 35.
Rc1 e4 36. Nf4 Kg7 37. Qg5 Be5 38. Bf1 Qd6 39. Bb5 d4 40. exd4 Bxd4 41. Ne2 Be5 42.
Qe3 Nd5 43. Qd2 Nc7 44. Qxa5 Qd5 45. Qa4 Qxb5 46. Qa7 Qb8 47. Qe3 Rd8 48. Nf4 Bxf4 49. Qxf4 Qc8 50. Qe3 Rd5 51. Qc3+ Kf7 52. b4 Ne6 53.
Qc4 Rd4 54. Qb3 Qb8 55. b5 Rd6 56. b6 Ke7 57. c7 Qc8 58. b7 Qxc7 0-1

[Event "*** Titled Tuesday Blitz"]
[Site "Chess.com"]
[Date "2021.04.20"]
[Round "3"]
[White "tteshan"]
[Black "Nara_Kh"]
[Result "1-0"]
[WhiteElo "2247"]
[BlackElo "2446"]
[TimeControl "180+1"]
[EndTime "10:28:37 PDT"]
[Termination "tteshan won on time"]

1. d4 d6 2. c4 Nf6 3. Nc3 g6 4.
e4 Bg7 5. Be2 c5 6. d5 Na6 7.
Bg5 Nc7 8. h4 h5 9. f3 e6 10. Nh3 exd5 11. exd5 O-O 12. Nf2 b5 13. cxb5 a6 14. b6 Nb5 15. Nce4 Nd4 16. Bc4 Re8 17.
O-O Rb8 18. Nxf6+ Bxf6 19. Ne4 Rxe4 20. Bxf6 Qxf6 21. fxe4 Qxh4 22. Qe1 Qe7 23. Qf2 Rxb6 24. b3 Kg7 25. Rae1 f6 26. Qg3 Bg4 27. Rf2 a5 28. Ref1 f5 29. exf5 Nxf5 30. Qf4 a4 31. bxa4 Rb4 32.
Qc1 Rxa4 33. Bb3 Re4 34. Qc3+ Re5 35. Re1 Nd4 36. Rxe5 Qxe5 37. Qa5 Ne2+ 38. Rxe2 Qxe2 39. Qc3+ Qe5 40. Qxe5+ dxe5 41. a4 Be2 42. a5 Ba6 43. Ba4 Kf6 44. d6 e4 45. Kf2 c4 46. Ke3 c3 47. d7 Ke7 48. Kxe4 Bb5 49. Bc2 Bc6+ 50.
Kd4 Bxg2 51. Kxc3 g5 52. Bg6 h4 53. Bf5 Bf3 54. a6 g4 55. a7 g3 56. Kd4 1-0

[Event "*** Titled Tuesday Blitz"]
[Site "Chess.com"]
[Date "2021.04.20"]
[Round "3"]
[White "freshfoodcompany"]
[Black "shineatchess"]
[Result "0-1"]
[WhiteElo "2380"]
[BlackElo "2215"]
[TimeControl "180+1"]
[EndTime "10:28:37 PDT"]
[Termination "shineatchess won on time"]

1. d4 f5 2. Nf3 g6 3. g3 Bg7 4. Bg2 c6 5. O-O d6 6. c4 Nh6 7.
Nc3 O-O 8. Bg5 Nf7 9. Qd2 Nxg5 10.
Nxg5 e5 11. dxe5 dxe5 12. Qxd8 Rxd8 13. Rad1 Re8 14. Nf3 Be6 15. b3 e4 16. Nd4 Na6 17.
Nxe6 Rxe6 18. Nb1 Rae8 19. Rd7 Nc5 20. Rdd1 a5 21. f4 exf3 22. Bxf3 Ne4 23. Nd2 Nc3 24.
Rde1 Nxe2+ 25. Bxe2 Rxe2 26. Nf3 Bd4+ 27. Kh1 Bc3 28. Rc1 Bb4 29. Rcd1 Rxa2 30. Rd7 Re7 31. Rfd1 Kf7 32. Ng5+ Kg7 33. Rxe7+ Bxe7 34. Rd7 Kf6 35.
Nxh7+ Ke6 36. Rxb7 Rb2 37. Rb6 Kd6 38. Ra6 Rxb3 39.
Rxa5 Rc3 40. Ra4 Rc2 41. h4 Ke6 42. Kg1 Ke5 43. Ra5+ Kd4 44. Ra7 Bc5 45. Rd7+ Kxc4+ 46. Kf1 Kb4 47. Ng5 Bb6 48. Ne6 c5 49. Rb7 Kb5 50. Ke1 c4 51. Rg7 Rh2 52. Rxg6 c3 53. Rg5 Rh1+ 54.
Ke2 c2 55. Rxf5+ Ka6 56. Nc7+ Bxc7 57. Rc5 Bb6 0-1